 Dungeon Crawl Stone Soup version 0.23-a0-650-ga4d50d4d25 (webtiles) character file.

112 RKaid the Gusty (level 4, 0/37 HPs)
             Began as a Tengu Air Elementalist on Jan 5, 2019.
             Was a Follower of Cheibriados.
             Slain by an ogre
             ... wielding a +0 giant spiked club
              (8 damage)
             ... on level 4 of the Dungeon.
             The game lasted 00:09:33 (3413 turns).

RKaid the Gusty (Tengu Air Elementalist)            Turns: 3413, Time: 00:09:34

Health: 0/37       AC: 22    Str: 11    XL:     4   Next: 95%
Magic:  4/8        EV:  2    Int: 20    God:    Cheibriados [*.....]
Gold:   153        SH:  0    Dex: 17    Spells: 4/8 levels left

rFire    . . .     SeeInvis .   a - +8 club
rCold    . . .     Gourm    .   (no shield)
rNeg     + + +     Faith    .   (armour currently unavailable)
rPois    +         Spirit   .   (helmet currently unavailable)
rElec    .         Reflect  .   (cloak currently unavailable)
rCorr    .         Harm     .   (gloves currently unavailable)
MR       .....     NoTele   +   (boots unavailable)
Stlth    ++........             (no amulet)
HPRegen  0.12/turn              (no ring)
MPRegen  0.11/turn              (no ring)

@: tree-form, very slightly contaminated, very slow
A: no striking features
a: Bend Time, Renounce Religion


You were on level 4 of the Dungeon.
You worshipped Cheibriados.
Cheibriados was aware of your devotion.
You were not hungry.
You were a tree.
You visited 1 branch of the dungeon, and saw 4 of its levels.

You collected 153 gold pieces.

Inventory:

Hand Weapons
 a - a +8 club (weapon)
   (You took it off Jessica on level 2 of the Dungeon)
Armour
 c - a +0 robe (melded)
 j - a +1 buckler of protection
   (You found it on level 3 of the Dungeon)
Scrolls
 d - a scroll of enchant armour {unknown}
 e - 2 scrolls of magic mapping {!r}
 i - 4 scrolls of identify
 o - 3 scrolls of remove curse
Potions
 g - a potion of brilliance {unknown}
 m - a potion of mutation {!q!q}
 n - a potion of might
Comestibles
 b - 2 chunks of flesh
 f - 9 rations


   Skills:
 + Level 1.5 Fighting
 - Level 2.1 Dodging
 - Level 2.0 Stealth
 + Level 2.5 Spellcasting
 * Level 3.5 Conjurations
 * Level 5.3 Air Magic


You had 4 spell levels left.
You knew the following spells:

 Your Spells              Type           Power        Failure   Level  Hunger
a - Shock                 Conj/Air       ###.         2%          1    None
b - Static Discharge      Conj/Air       ###.....     8%          3    ###....

Your spell library contained the following spells:

 Spells                   Type           Power        Failure   Level  Hunger
 Swiftness                Chrm/Air       ##......     8%          2    ##.....
 Airstrike                Air            ###.......   17%         4    ####...
 Lightning Bolt           Conj/Air       ###.......   56%         5    ######.


Dungeon Overview and Level Annotations

Branches:
Dungeon (4/15)
 Temple: D:4-7

Altars:
Cheibriados

Shops:
D:4 (


Innate Abilities, Weirdness & Mutations

((You have a beak for a mouth.))
((You have claws for feet.))


Message History

Confirm with . or Enter, or press ? or * to list all spells.
Aiming: Shock (safe; 2% risk of failure)
Press: ? - help, Shift-Dir - straight line, f/p - adder
Aim: an adder (severely wounded)
The zap hits the adder.
You kill the adder!
Cheibriados thoroughly appreciates the change of pace.
You see here an adder corpse.
You butcher the adder corpse.
b - a chunk of flesh You see here an adder skeleton.
You start resting.
There is an open door here.
o - 2 scrolls of remove curse (gained 1) As you open the door, it creaks loudly!
There is an open door here.
You open the door.
A giant cockroach comes into view.
There is an open door here.
Casting: Shock (safe; 2% risk of failure)
Confirm with . or Enter, or press ? or * to list all spells.
Aiming: Shock (safe; 2% risk of failure)
Press: ? - help, Shift-Dir - straight line, f - giant cockroach
Aim: a giant cockroach (clinging, resting)
The zap hits the giant cockroach.
The giant cockroach appears unharmed.
You hit the giant cockroach.
You kill the giant cockroach!
Cheibriados thoroughly appreciates the change of pace.
Cheibriados raises the support of your attributes as your movement slows.
You see here a giant cockroach corpse.
You butcher the giant cockroach corpse.
b - 3 chunks of flesh (gained 2)
You start resting.
g - a blue potion
o - 3 scrolls of remove curse (gained 1)
Found a stone staircase leading down.
You open the door.
There is an open door here.
You open the door.
There is an open door here.
There is an open door here.
You see here 14 stones.
Done exploring.
Search for what [Enter for "armour", or ? for help]? .
There is a stone staircase leading down here.
You climb downwards.
Found Yfaekh's Antique Weapon Shop.
There is a stone staircase leading up here.
There is an entrance to Yfaekh's Antique Weapon Shop here.
You can access your shopping list by pressing '$'.
You now have 153 gold pieces (gained 11).
Some of the chunks of flesh in your inventory have rotted away.
Found a stone staircase leading up.
A quokka and an ogre come into view.
Casting: Shock (safe; 2% risk of failure)
Confirm with . or Enter, or press ? or * to list all spells.
Aiming: Shock (safe; 2% risk of failure)
Press: ? - help, Shift-Dir - straight line, f - quokka
Aim: a quokka (resting)
The zap hits the quokka.
Casting: Shock (safe; 2% risk of failure)
Confirm with . or Enter, or press ? or * to list all spells.
Aiming: Shock (safe; 2% risk of failure)
Press: ? - help, Shift-Dir - straight line, f/p - quokka
Aim: a quokka (severely wounded)
The zap hits the quokka.
You kill the quokka!
Cheibriados appreciates the change of pace.
The zap hits the ogre.
Casting: Shock (safe; 2% risk of failure)
Confirm with . or Enter, or press ? or * to list all spells.
Aiming: Shock (safe; 2% risk of failure)
Press: ? - help, Shift-Dir - straight line, f - ogre
Aim: an ogre, wielding a +0 giant spiked club (lightly wounded)
The zap hits the ogre.
Casting: Shock (safe; 2% risk of failure)
Confirm with . or Enter, or press ? or * to list all spells.
Aiming: Shock (safe; 2% risk of failure)
Press: ? - help, Shift-Dir - straight line, f/p - ogre
Aim: an ogre, wielding a +0 giant spiked club (lightly wounded)
You miscast Shock.
You are very lightly contaminated with residual magic.
Ouch! You feel a sudden electric shock.
Casting: Shock (safe; 2% risk of failure)
Confirm with . or Enter, or press ? or * to list all spells.
Aiming: Shock (safe; 2% risk of failure)
Press: ? - help, Shift-Dir - straight line, f/p - ogre
Aim: an ogre, wielding a +0 giant spiked club (lightly wounded)
The zap hits the ogre.
The ogre barely misses you.
You hit the ogre. Your kick misses the ogre.
The ogre hits you with a +0 giant spiked club!!
Ouch! That really hurt!
* * * LOW HITPOINT WARNING * * *
The ogre barely misses you.
Okay, then.
Really quaff
h - a potion of lignification {!q}?
You turn into a tree.
Your +0 robe melds into your body.
Your roots penetrate the ground.
The ogre hits you with a +0 giant spiked club!
You die...

# #....##.##.#
######.#
#.##..........
#......#
............#
#.###### #.#........#
#.#
.....†....#########.#
#.# #.........#
##.###.#########
####...##.#
........O♣.#
#####<..#### ##.##
...# #####


You could see an ogre.

Vanquished Creatures
  Jessica (D:2)
  2 adders
  2 worms
  A dart slug (D:1)
  3 leopard geckos
  An orc (D:3)
  7 giant cockroaches
  4 goblins
  8 hobgoblins
  4 jackals (D:1)
  A quokka (D:4)
  6 bats
  5 frilled lizards
  3 kobolds
  4 rats
52 creatures vanquished.

Notes
Turn   | Place    | Note
-------+----------+-------------------------------------------
     0 | D:1      | RKaid the Tengu Air Elementalist began the quest for the
                  | Orb.
     0 | D:1      | Reached XP level 1. HP: 10/10 MP: 4/4
   290 | D:1      | Reached XP level 2. HP: 15/16 MP: 0/6
   437 | D:1      | Reached skill level 2 in Conjurations
   779 | D:1      | Reached XP level 3. HP: 20/20 MP: 5/7
  1027 | D:1      | Reached skill level 1 in Fighting
  2177 | D:2      | Noticed Jessica
  2184 | D:2      | Killed Jessica
  2184 | D:2      | Reached skill level 3 in Conjurations
  2184 | D:2      | Reached skill level 5 in Air Magic
  2184 | D:2      | Reached XP level 4. HP: 25/25 MP: 4/8
  2438 | D:2      | Found a faded altar of an unknown god.
  2611 | D:2      | Became a worshipper of Cheibriados the Contemplative
  2611 | D:2      | Reached * piety under Cheibriados
  2634 | D:2      | Learned a level 3 spell: Static Discharge
  3358 | D:4      | Found Yfaekh's Antique Weapon Shop.
  3365 | D:4      | RKaid: ??eos
  3365 | D:4      | beem: eos[1/2]: +10 unrandart morningstar with {elec, Halo
                  | rElec}
  3365 | D:4      | RKaid: ??eos[2
  3365 | D:4      | beem: eos[2/2]: Before 0.19 it was a +11 morningstar,
                  | {elec, -Tele rElec SInv}
  3402 | D:4      | Noticed an ogre
  3409 | D:4      | HP: 5/25 [ogre/+0 giant spiked club (20)]
  3413 | D:4      | Slain by an ogre

Vault maps used:
D:1:      lightli_molten_gateway, minmay_hedge_maze, minmay_statues_item,
          roderic_lattice_a
D:2:      chequers_ecumenical_altar_island, serial_bayou_lagoon_b, uniq_jessica
D:4:      nemelex_xobeh_ov_fountains_minmay, minmay_temple_entry_large_hall,
          serial_shops, nicolae_shop_trees, nicolae_shop_stone, shop, shop,
          uniq_robin

Skill      XL: |  1  2  3 |
---------------+----------+-----
Conjurations   | 2 3 |  3.5
Fighting       | 1 |  1.5
Air Magic      | 5 |  5.3
Dodging        | |  2.1
Stealth        | |  2.0
Spellcasting   | |  2.5

Action                   |  1- 3 |  4- 6 || total
-------------------------+-------+-------++-------
Melee: Club              |       |     2 ||     2
 Cast: Shock             |    79 |    38 ||   117
  Use: Scroll            |       |     9 ||     9
       Potion            |       |     1 ||     1
  Eat: Chunk             |     5 |     2 ||     7
Armor: Robe              |     6 |     1 ||     7
Dodge: Dodged            |    22 |     4 ||    26

Table legend:
 A = Non-vault XP
 B = Vault XP
 C = Vault XP percentage of total XP
 D = Non-vault monster count
 E = Vault monster count
 F = Vault count percentage of total count
                 A         B        C        D         E       F
            +---------+---------+-------+---------+---------+-------
      Total |     124 |      37 |  23.0 |      51 |       1 |   1.9
            +---------+---------+-------+---------+---------+-------
        D:1 |      55 |       0 |   0.0 |      30 |       0 |   0.0
        D:2 |      33 |      37 |  52.9 |      10 |       1 |   9.1
        D:3 |      34 |       0 |   0.0 |      10 |       0 |   0.0
        D:4 |       2 |       0 |   0.0 |       1 |       0 |   0.0
            +---------+---------+-------+---------+---------+-------

Table legend:
 A = Turns spent in this place as a percentage of turns spent in the entire game.
 B = Non-inter-level travel turns spent in this place as a percentage of non-inter-level travel turns spent in the entire game.
 C = Inter-level travel turns spent in this place as a percentage of turns spent in this place.
 D = Turns resting spent in this place as a percentage of non-inter-level travel turns spent in this place.
 E = Turns spent auto-exploring this place as a percentage of non-inter-level travel turns spent in this place.
 F = Non-inter-level travel turns spent in this place divided by the number of levels of this place that you've seen.
                   A       B       C       D       E      F
               +-------+-------+-------+-------+-------+----------------------
         Total | 100.0 | 100.0 |   2.3 |  29.5 |  53.3 | 833.8
       Dungeon | 100.0 | 100.0 |   2.3 |  29.5 |  53.3 | 833.8
               +-------+-------+-------+-------+-------+----------------------

Table legend:
 A = Kills in this place as a percentage of kills in entire the game.
 B = Kills by you in this place as a percentage of kills by you in the entire game.
 C = Kills by friends in this place as a percentage of kills by friends in the entire game.
 D = Other kills in this place as a percentage of other kills in the entire game.
 E = Experience gained in this place as a percentage of experience gained in the entire game.
 F = Experience gained in this place divided by the number of levels of this place that you have seen.
                   A       B       C       D       E      F
               +-------+-------+-------+-------+-------+----------------------
         Total | 100.0 | 100.0 |   N/A |   N/A | 100.0 |  40.2
       Dungeon | 100.0 | 100.0 |   N/A |   N/A | 100.0 |  40.2
               +-------+-------+-------+-------+-------+----------------------
